[Event "*** SCC Grand Prix: Titled Tuesday Blitz"]
[Site "Chess.com"]
[Date "2020.06.09"]
[Round "9"]
[White "attack2mateU"]
[Black "blitzking1729"]
[Result "1-0"]
[WhiteElo "2699"]
[BlackElo "2551"]
[TimeControl "180+1"]
[EndTime "10:47:21 PDT"]
[Termination "attack2mateU won by resignation"]

1. e4 c6 2. Nc3 d5 3. Nf3 Bg4 4.
h3 Bxf3 5. Qxf3 e6 6. Be2 Nf6 7. O-O d4 8. Nb1 e5 9. Qg3 Nbd7 10. d3 g6 11. f4 Bd6 12. f5 Qe7 13. Nd2 gxf5 14.
Rxf5 Rg8 15. Qf2 O-O-O 16. Nc4 Bc7 17. Bd2 Rg6 18. b4 Rdg8 19. Bf1 Qe6 20. a4 Rg3 21. Kh1 h5 22. b5 c5 23. a5 Bb8 24.
Be1 h4 25. Qd2 Nd5 26. Bxg3 Rxg3 27. Rg5 Nf4 28. Rxg3 hxg3 29. Qd1 Nf6 30. Qf3 N6h5 31. a6 b6 32. Be2 Qg6 33. Qg4+ Kd8 34. Qxg6 fxg6 35.
Bxh5 gxh5 36. Nxb6 axb6 37. a7 Bxa7 38. Rxa7 c4 39.
dxc4 d3 40. cxd3 Nxd3 41. Rh7 Nf2+ 42. Kg1 Nxe4 43. Rxh5 Nd2 44. Rxe5 Nxc4 45. Rg5 Kd7 46. Rxg3 Kd6 47. h4 Kc5 48. Rg5+ Kb4 49. h5 Nd6 50. h6 Nf7 51. Rh5 Nxh6 52. Rxh6 Kxb5 53.
g4 Kc5 54. g5 b5 55. g6 b4 56. g7 b3 57. g8=Q b2 58. Qc8+ Kd4 59. Rd6+ 1-0

[Event "*** SCC Grand Prix: Titled Tuesday Blitz"]
[Site "Chess.com"]
[Date "2020.06.09"]
[Round "9"]
[White "Flawless_Fighter"]
[Black "louis198"]
[Result "0-1"]
[WhiteElo "2602"]
[BlackElo "2477"]
[TimeControl "180+1"]
[EndTime "10:47:22 PDT"]
[Termination "louis198 won by checkmate"]

1. e4 e6 2. d4 d5 3. Nd2 Nc6 4. Ngf3 Nf6 5. e5 Nd7 6. Be2 f6 7. exf6 Qxf6 8. Nf1 Bd6 9. Ne3 O-O 10. Ng4 Qg6 11. h3 Nb4 12. Ne3 c5 13. c3 Nc6 14.
O-O Nf6 15. c4 cxd4 16. Nxd4 Nxd4 17. Qxd4 e5 18. Qh4 d4 19. Nd5 Nxd5 20. cxd5 h6 21. Bh5 Qf6 22. Qxf6 Rxf6 23. Bd2 Bf5 24. Rac1 Be4 25. f4 exf4 26. Bf3 Bxf3 27. Rxf3 Rf5 28. Rb3 b6 29. Rb5 Re8 30. Rc6 Bf8 31. Kf2 Rd8 32.
Rc7 Rdxd5 33. Rxd5 Rxd5 34. Rxa7 g5 35. Kf3 Bc5 36. b4 Bf8 37. Rb7 Re5 38. Rxb6 h5 39. h4 g4+ 40. Kxf4 Re2 41. Bc1 Rxg2 42. Kg5 g3 43. Kxh5 Rg1 44. Bf4 Kf7 45. Rb7+ Ke6 46.
Rb8 Be7 47. Rg8 g2 48. Bh2 d3 49. Bxg1 d2 50. Rg6+ Bf6 51. Bd4 d1=Q+ 52. Kh6 Qxd4 53.
Rxg2 Qxh4+ 54. Kg6 Qe4+ 55. Kh6 Qxg2 56. Kh5 Qg5# 0-1

[Event "*** SCC Grand Prix: Titled Tuesday Blitz"]
[Site "Chess.com"]
[Date "2020.06.09"]
[Round "9"]
[White "ZverevLev"]
[Black "SiddharthGMJagadeesh"]
[Result "0-1"]
[WhiteElo "2275"]
[BlackElo "2448"]
[TimeControl "180+1"]
[EndTime "10:47:22 PDT"]
[Termination "SiddharthGMJagadeesh won on time"]

1. e4 c6 2. d4 d5 3. e5 Bf5 4. Nd2 e6 5. Nb3 c5 6. dxc5 Bxc5 7. Nxc5 Qa5+ 8. c3 Qxc5 9. Nf3 Ne7 10. Be3 Qc7 11. Be2 Nd7 12. Qa4 Nc6 13. Bf4 O-O 14.
O-O Bg4 15. Qc2 Bxf3 16. Bxf3 Ndxe5 17. Kh1 Qe7 18. Be2 Ng6 19. Bg3 Rac8 20. f4 Nd4 21. Qd2 Nf5 22. Bf2 Nd6 23. Bxa7 Ne4 24. Qe1 Qc7 25.
Be3 Ne7 26. Bd3 Nf5 27. Bg1 Qc6 28. Rd1 Ra8 29. a3 Ra4 30. Rf3 Qc7 31. g4 Nfd6 32.
Bd4 f6 33. Qh4 Qc6 34. Rg1 Nb5 35. g5 Nxd4 36. gxf6 Nf5 37. Qh5 Nxf6 38. Qh3 d4 39.
Bxf5 exf5 40. Qg2 Ng4 41. h3 h5 42. hxg4 hxg4 43. Rg3 Qxg2+ 44. Kxg2 dxc3 45. Rxc3 Rxf4 46.
Rc7 Rd8 47. Rxb7 Rf3 48. Rc1 Rd2+ 49. Kg1 Rg3+ 50. Kh1 f4 51. Rc8+ Kh7 52. Rcc7 Rd1+ 0-1

[Event "*** SCC Grand Prix: Titled Tuesday Blitz"]
[Site "Chess.com"]
[Date "2020.06.09"]
[Round "9"]
[White "Generalas"]
[Black "korbul"]
[Result "1-0"]
[WhiteElo "2392"]
[BlackElo "2488"]
[TimeControl "180+1"]
[EndTime "10:47:22 PDT"]
[Termination "Generalas won by resignation"]

1. e4 c5 2. c3 Nf6 3. e5 Nd5 4. Nf3 e6 5. Bc4 d6 6. O-O Nc6 7. d4 cxd4 8. cxd4 Be7 9. Qe2 a6 10. a3 b5 11. Ba2 O-O 12. Nbd2 dxe5 13. dxe5 Nf4 14. Qe4 Nd5 15. Qg4 Bb7 16. Ne4 Qc7 17. Bh6 g6 18. Bxf8 Rxf8 19. Rac1 Qd8 20. Rfd1 Kg7 21. h4 h5 22. Qg3 Na5 23. Nd6 Bxd6 24.
exd6 Qf6 25. Ne5 Rd8 26. d7 Nf4 27. Re1 Nxg2 28. Nxf7 Qxf7 29. Bxe6 Qf6 30. Re5 Nxh4 31. Kf1 Nf3 32. Re3 Ng5 33. Qc7 Nxe6 34. Rxe6 Qg5 35.
Rce1 Qg2+ 36. Ke2 Qg4+ 37. Kd3 Nc4 38. Re7+ Kh6 39. Qxd8 Qf5+ 40. Kc3 Qf6+ 41. Kb4 Ne5 42. Kc5 Nc6 43. Rh7+ Kg5 44. Qxf6+ Kxf6 45. d8=Q+ Nxd8 46.
Rd7 Ne6+ 47. Kb6 Bd5 48. Rxd5 Nf4 49. Rd6+ Kf5 50. Rc6 g5 51. Kxa6 h4 52. Rc5+ Kg4 53. Rxb5 h3 54. Rg1+ Ng2 55. Rb3 Kh4 56. Rg3 g4 57.
R3xg2 h2 58. Rh1 Kg5 59. Rhxh2 Kf4 60. Rg3 1-0

[Event "*** SCC Grand Prix: Titled Tuesday Blitz"]
[Site "Chess.com"]
[Date "2020.06.09"]
[Round "9"]
[White "EvgenyRomanov"]
[Black "Berardino"]
[Result "1/2-1/2"]
[WhiteElo "2667"]
[BlackElo "2533"]
[TimeControl "180+1"]
[EndTime "10:47:23 PDT"]
[Termination "Game drawn - insufficient material"]

1. e4 c5 2. Nf3 b6 3. c4 Bb7 4.
Nc3 e6 5. d4 cxd4 6. Nxd4 Nc6 7. Ndb5 Qb8 8. Be3 a6 9. Nd4 Bc5 10. Be2 Nf6 11. O-O O-O 12. Nc2 Qe5 13. f4 Bxe3+ 14.
Nxe3 Qc5 15. Qd2 Nd4 16. Bd3 b5 17. e5 Ng4 18. b4 Ne2+ 19. Bxe2 Qxe3+ 20. Qxe3 Nxe3 21. Rfc1 bxc4 22. g3 f6 23. Kf2 Nf5 24. exf6 Rxf6 25. Bxc4 Nd6 26. Bd3 g5 27. Ke3 gxf4+ 28. gxf4 Raf8 29.
Rg1+ Kh8 30. Ne2 Nf5+ 31. Kd2 Nh4 32. Rg3 Ng6 33. Bxg6 Rxg6 34. Rxg6 hxg6 35. Ke3 Kg7 36. Rd1 Bc6 37. Nd4 Ba4 38. Rd2 Rh8 39. Nf3 Rh3 40. Kf2 Kf6 41. Ne5 g5 42. Nxd7+ Bxd7 43. Rxd7 Rxh2+ 44. Kg3 Rxa2 45. fxg5+ Kxg5 46. Ra7 Ra3+ 47. Kf2 Kf4 48. b5 Rb3 49. bxa6 Rb2+ 50. Ke1 Ke3 51. Kd1 e5 52. Re7 Ra2 53. Rxe5+ Kd4 54. Re6 Kc5 55. Kc1 Kb5 56. Kb1 Rxa6 57. Rxa6 Kxa6 1/2-1/2

[Event "*** SCC Grand Prix: Titled Tuesday Blitz"]
[Site "Chess.com"]
[Date "2020.06.09"]
[Round "9"]
[White "biaf13"]
[Black "Ceejay271"]
[Result "1/2-1/2"]
[WhiteElo "2080"]
[BlackElo "2383"]
[TimeControl "180+1"]
[EndTime "10:47:24 PDT"]
[Termination "Game drawn by agreement"]

1. e4 c5 2. Nf3 Nc6 3. d4 cxd4 4. Nxd4 g6 5. Nc3 Bg7 6. Be3 Nf6 7. Bc4 O-O 8. Bb3 Re8 9. f3 e6 10. Nxc6 dxc6 11. Qxd8 Rxd8 12. Rd1 Rxd1+ 13. Kxd1 b5 14.
e5 Nd7 15. f4 a5 16. a4 b4 17.
Ne4 Ba6 18. Nd6 f6 19. exf6 Bxf6 20. Bxe6+ Kg7 21. Bxd7 Rd8 22. Ne8+ Kf7 23. Nxf6 Kxf6 24. Bd4+ Kf7 25. Kc1 Rxd7 26. Be5 Bc4 27. Rd1 Bd5 28. g3 Ke6 29. Re1 Kf5 30. h3 h5 31. Re3 Bg2 32. h4 c5 33. c3 Bc6 34. b3 c4 35. cxb4 axb4 36. bxc4 Bxa4 37. c5 Rd1+ 38. Kb2 Rd2+ 39.
Kc1 Rc2+ 40. Kb1 Rxc5 41. Bd4 Rc4 42. Be5 Kg4 43. Kb2 Rc8 44. Bd6 Rc4 45. Be5 Bc6 46. Bf6 Be4 47. Bg5 Bd5 48. Re5 Rd4 49. Bf6 Rd2+ 50. Kc1 Rd3 51. Kc2 Bc4 52. Rg5+ Kf3 53.
Rc5 b3+ 54. Kb2 Be6 55. Rc3 Rxc3 56. Kxc3 Kxg3 57. Bg5 Kf3 58. Kb2 Ke4 59. Bh6 Kd3 60. Bg5 Kc4 61. Bh6 Bf5 62. Bg5 Bc2 63. Bh6 Kd5 64. Bg5 Ke6 65. Bh6 Kf5 66. Bg5 Kg4 67.
Kc1 Be4 68. Kb2 Bd5 69. Kc1 Kf5 70. Kb2 Ke4 71. Kc1 Kf3 72. Kb2 Ke2 73. Bh6 Kd3 74.
Bg5 Ke2 75. Bh6 Kd1 76. Bg5 Kd2 77. Bh6 Kd3 78. Bg5 Ke4 79. Bh6 Kf5 80. Bg5 Kg4 81. Kb1 Kf5 1/2-1/2

[Event "*** SCC Grand Prix: Titled Tuesday Blitz"]
[Site "Chess.com"]
[Date "2020.06.09"]
[Round "9"]
[White "juniortay"]
[Black "MarceloPlaya"]
[Result "1/2-1/2"]
[WhiteElo "2398"]
[BlackElo "2258"]
[TimeControl "180+1"]
[EndTime "10:47:26 PDT"]
[Termination "Game drawn by repetition"]

1. e4 e6 2. Nf3 d5 3. Nc3 Bc5 4.
d4 Bb6 5. e5 Ne7 6. Ne2 c5 7.
c3 Nbc6 8. h4 Bd7 9. h5 h6 10. Rh4 Qc7 11. a3 c4 12. Rg4 g5 13.
hxg6 fxg6 14. Rh4 Nf5 15. Rh3 O-O-O 16. g4 Nfe7 17. Rxh6 Rxh6 18. Bxh6 Rh8 19. Qd2 Na5 20. Rd1 Qc6 21. Qg5 Bd8 22. Bg7 Rg8 23. Bf6 Re8 24.
Nf4 Qb5 25. Rd2 Nb3 26. Rc2 Na1 27. Re2 Qb3 28. Bg2 Nc2+ 29. Kf1 Qxb2 30. Kg1 Qxc3 31. Kh2 Nxd4 32. Nxd4 Qxd4 33. Nxg6 Nxg6 34. Qxg6 Bxf6 35. exf6 Rh8+ 36. Kg3 Qc3+ 37. Re3 Qxa3 38. f7 Qd6+ 39. f4 Rf8 40. Qf6 d4 41. Re5 d3 42. g5 d2 43. g6 d1=Q 44. g7 Q1d3+ 45. Bf3 Bc6 46. gxf8=Q+ Qxf8 47. Rc5 Qxf3+ 48. Kh4 Qh1+ 49. Kg3 Qg2+ 50.
Kh4 Qxc5 51. f8=Q+ Qxf8 52. Qxf8+ Kc7 53. Qe7+ Kb6 54. Qb4+ Kc7 55. Qe7+ Kc8 56. Qf8+ Kc7 57. Qe7+ 1/2-1/2

[Event "*** SCC Grand Prix: Titled Tuesday Blitz"]
[Site "Chess.com"]
[Date "2020.06.09"]
[Round "9"]
[White "diablanni"]
[Black "HanSchut"]
[Result "1-0"]
[WhiteElo "2333"]
[BlackElo "2193"]
[TimeControl "180+1"]
[EndTime "10:47:26 PDT"]
[Termination "diablanni won by resignation"]

1. e4 c5 2. Nf3 d6 3. Bb5+ Nd7 4. d4 cxd4 5. Qxd4 a6 6. Bxd7+ Qxd7 7. c4 Nf6 8. Bg5 Qg4 9. Bxf6 gxf6 10. O-O Rg8 11. Ne1 f5 12. f3 Qg7 13. Qf2 fxe4 14. fxe4 Be6 15. Na3 Qe5 16. Nf3 Qc5 17. Qxc5 dxc5 18. b3 Bh3 19. Rf2 O-O-O 20. Kh1 Bg4 21. Raf1 Bg7 22.
Nc2 Bd4 23. Ncxd4 cxd4 24. Ne5 d3 25. Rd2 Be2 26. Rxf7 Rdf8 27. Rxf8+ Rxf8 28. h3 Rf1+ 29. Kh2 Ra1 30. Nxd3 Bxd3 31. Rxd3 Rxa2 32. Kg3 Rb2 33. Kf3 a5 34. g4 a4 35. bxa4 Rb4 36. Rc3 Rxa4 37. g5 Kd7 38. Kg4 Ke6 39. h4 Ra1 40. h5 Rg1+ 41. Rg3 Re1 42. Kf4 Rf1+ 43. Ke3 Rc1 44.
Kd4 Rd1+ 45. Kc5 Ke5 46. g6 hxg6 47. hxg6 Rd8 48. Rg4 Rg8 49. Kb6 Kd4 50. c5 e5 51.
g7 Kc4 52. Rg5 Kd4 53. Rg4 Kc4 54. c6 bxc6 55. Kxc6 Kd4 56. Kd6 Rd8+ 57. Ke7 Rg8 58. Kf7 Rb8 59. g8=Q Rb7+ 60. Ke6 Rb6+ 61. Kd7 Rb7+ 62.
Kc6 Rb4 63. Qd5+ Kc3 64. Qxe5+ 1-0

[Event "*** SCC Grand Prix: Titled Tuesday Blitz"]
[Site "Chess.com"]
[Date "2020.06.09"]
[Round "9"]
[White "CalinGheorghiu"]
[Black "Shuvalov"]
[Result "1/2-1/2"]
[WhiteElo "2358"]
[BlackElo "2451"]
[TimeControl "180+1"]
[EndTime "10:47:27 PDT"]
[Termination "Game drawn - insufficient material"]

1. e4 e6 2. d4 d5 3. exd5 exd5 4.
Nf3 Nc6 5. Bb5 Bd6 6. c4 dxc4 7.
d5 a6 8. Ba4 b5 9. dxc6 bxa4 10.
O-O Ne7 11. Qxa4 Be6 12. Nbd2 c3 13. bxc3 O-O 14. Nc4 Bxc4 15. Qxc4 Qb8 16. Nd4 Qb6 17. Be3 Qa5 18. Rab1 Rfe8 19. a4 Nd5 20. Nb3 Nxe3 21. Nxa5 Nxc4 22. Nxc4 Re6 23. Rb7 Bf4 24. g3 Rxc6 25.
Na5 Rg6 26. Rfb1 h5 27. Kf1 Be5 28. c4 Bc3 29. Nb3 Rd8 30. Nc5 Ba5 31. Rb8 Rxb8 32. Rxb8+ Kh7 33. Nd3 Rb6 34. Ra8 Bc3 35. Ke2 a5 36. c5 Rb3 37. Ra7 Ra3 38. Rxc7 Rxa4 39. c6 Rc4 40. Nf4 Be5 41. Ra7 Bxf4 42. gxf4 Rxc6 43.
Rxa5 g6 44. Kf3 Kg7 45. f5 Rf6 46. Kf4 Kh6 47. Rb5 h4 48. Kg4 h3 49. Kxh3 gxf5 50. Kg3 f4+ 51. Kf3 Kg6 52. h4 Kh6 53. Rb4 Kh5 54. Rxf4 Rxf4+ 55. Kxf4 Kxh4 56. Kf5 Kh3 57. f4 Kg3 58. Kf6 Kxf4 59. Kxf7 1/2-1/2

[Event "*** SCC Grand Prix: Titled Tuesday Blitz"]
[Site "Chess.com"]
[Date "2020.06.09"]
[Round "9"]
[White "Gandrade2"]
[Black "fabianvivasz"]
[Result "1-0"]
[WhiteElo "2044"]
[BlackElo "2269"]
[TimeControl "180+1"]
[EndTime "10:47:27 PDT"]
[Termination "Gandrade2 won by resignation"]

1. d4 Nf6 2. c4 c5 3. d5 b5 4. cxb5 a6 5. bxa6 g6 6. Nc3 Bg7 7. g3 Bxa6 8. Bg2 d6 9. Nf3 Nbd7 10.
Rb1 O-O 11. O-O Qa5 12. Bd2 Ng4 13. Re1 Bc4 14. Qc2 Bxc3 15. Bxc3 Qxa2 16. Qe4 Ndf6 17. Qxe7 Nxd5 18. Qxd6 Nxc3 19. bxc3 Bxe2 20. Qxc5 Rfc8 21. Qd4 Rc4 22. Qb6 Ra6 23. Qb2 Bd3 24. Qb8+ Kg7 25.
Rb2 Qa5 26. h3 Nf6 27. Ne5 Qxc3 28. Nxd3 Qxd3 29. Qb5 Rd6 30. Rb3 Qd4 31. Rbe3 Rc5 32. Qb1 Rcd5 33. Bxd5 Nxd5 34. Re4 Qf6 35. Qa1 Nc3 36.
R4e3 Rc6 37. Rc1 Ne2+ 38. Rxe2 Rxc1+ 39. Qxc1 Qf5 40. Qe1 Qxh3 41. Re4 h5 42. Rh4 Qf5 43. Qe4 Qb5 44. Qd4+ Kh6 45. Qd2+ Kg7 46. Rd4 Qb1+ 47. Qd1 Qf5 48. Rd7 h4 49. Qd4+ Kg8 50. Rd8+ Kh7 51.
Qxh4+ Qh5 52. Qxh5+ gxh5 53. Kg2 Kg6 54. Kh3 1-0

[Event "*** SCC Grand Prix: Titled Tuesday Blitz"]
[Site "Chess.com"]
[Date "2020.06.09"]
[Round "9"]
[White "rpragchess"]
[Black "Gabrielian_Artur"]
[Result "1-0"]
[WhiteElo "2847"]
[BlackElo "2746"]
[TimeControl "180+1"]
[EndTime "10:47:29 PDT"]
[Termination "rpragchess won by checkmate"]

1. Nf3 Nf6 2. b3 g6 3. Bb2 Bg7 4. g3 O-O 5. c4 d6 6. d3 e5 7. Nbd2 c5 8. Bg2 Nc6 9. O-O Re8 10. Rc1 h6 11. a3 a5 12. e3 Be6 13. Qe2 Qd7 14.
Rfd1 a4 15. b4 cxb4 16. axb4 Nxb4 17. Ba3 Nc6 18. Ne4 Nxe4 19. dxe4 Na5 20. Bxd6 Qc6 21. Nxe5 Bxe5 22. Bxe5 Bxc4 23. Qb2 a3 24. Qc3 Rxe5 25. Qxe5 a2 26. Bf1 Bxf1 27. Rxc6 Nxc6 28. Qc3 Bh3 29.
Ra1 Be6 30. f4 Rd8 31. f5 gxf5 32. exf5 Bd5 33. e4 Bxe4 34. Rxa2 Bxf5 35. Qf6 Bg6 36. h4 h5 37. Kh2 Re8 38. Kh3 Ne5 39. Re2 Re6 40. Qf4 Ng4 41. Rxe6 fxe6 42. Qb8+ Kg7 43. Qxb7+ Kf6 44. Qb2+ Kf7 45. Kg2 Be4+ 46. Kf1 Bg6 47.
Qb7+ Kf6 48. Qb8 e5 49. Ke2 Ke6 50. Qb6+ Kf7 51. Qc7+ Kf6 52. Qd6+ Kf7 53. Kd2 Bf5 54. Kc3 Bg6 55. Kc4 Bf5 56. Kc5 Bg6 57. Qd7+ Kf6 58. Kd6 e4 59. Qe7+ Kf5 60. Qg5# 1-0

[Event "*** SCC Grand Prix: Titled Tuesday Blitz"]
[Site "Chess.com"]
[Date "2020.06.09"]
[Round "9"]
[White "kran900"]
[Black "bait_or_mate"]
[Result "0-1"]
[WhiteElo "2453"]
[BlackElo "2603"]
[TimeControl "180+1"]
[EndTime "10:47:29 PDT"]
[Termination "bait_or_mate won by checkmate"]

1. e4 c5 2. Nf3 e6 3. d4 cxd4 4. Nxd4 Nc6 5. Nc3 Qc7 6. Be2 a6 7. O-O Nf6 8. Be3 Bb4 9. Na4 O-O 10. c4 Nxe4 11. Nxc6 bxc6 12. c5 Qe5 13. Bd4 Qg5 14. f4 Qh6 15. Qc2 f5 16. Bd3 Nf6 17. Nb6 Rb8 18. h3 Ba5 19. Be5 Rxb6 20. cxb6 Bxb6+ 21. Kh1 Ng4 22. Bd6 Qh4 23. Rf3 Re8 24. Bc5 Bc7 25. Bg1 Bb7 26. Qb3 Ba8 27. Bxa6 c5 28. Bxc5 Rb8 29. Qd1 Bxf3 30. Qxf3 Rxb2 31. Rd1 Nf2+ 32.
Bxf2 Qxf2 33. Qa8+ Rb8 34. Qf3 Qxf3 35. gxf3 d5 36. Rc1 Bxf4 37. Rc6 Rb1+ 38. Kg2 Rb2+ 39. Kf1 Kf7 40. Bc8 Rxa2 41. Bxe6+ Ke7 42. Bxd5 Ra1+ 43.
Kg2 Rd1 44. Bg8 h6 45. Bh7 Rd5 46. Bg8 Rd2+ 47. Kf1 Rb2 48. Bh7 Rb5 49. Bg8 Bd6 50. Bc4 Rb1+ 51. Kg2 Rb2+ 52. Kf1 Rd2 53. Ra6 Kf6 54.
Ra7 g6 55. Rf7+ Kg5 56. Rg7 Rd4 57. Bf7 Kf4 58. Rxg6 Kxf3 59. Ke1 Bb4+ 60. Kf1 Rd1# 0-1

[Event "*** SCC Grand Prix: Titled Tuesday Blitz"]
[Site "Chess.com"]
[Date "2020.06.09"]
[Round "9"]
[White "SoltaniciR"]
[Black "Danesz22"]
[Result "1-0"]
[WhiteElo "2500"]
[BlackElo "2366"]
[TimeControl "180+1"]
[EndTime "10:47:29 PDT"]
[Termination "SoltaniciR won on time"]

1. e4 e5 2. Nf3 Nc6 3. Bb5 a6 4. Ba4 Nf6 5. O-O Be7 6. d3 d6 7. c3 O-O 8. Re1 b5 9. Bb3 Re8 10. Nbd2 Bb7 11. Nf1 Bf8 12. Ng3 Na5 13. Bc2 c5 14. a3 Nc6 15. Bg5 h6 16. Bxf6 Qxf6 17. Bb3 Ne7 18. Nf1 Ng6 19. Ne3 Nf4 20. a4 c4 21. Bc2 cxd3 22. Bxd3 Qg6 23. Nh4 Qg5 24. Nf3 Qg6 25. Nh4 Qg5 26. Nf3 Qh5 27. Nf5 g6 28. Ng3 Qg4 29. axb5 axb5 30. Rxa8 Rxa8 31. Bxb5 h5 32. h3 Qc8 33. Bf1 Qc5 34. Ne2 Bh6 35.
Nxf4 Bxf4 36. Qb3 Bc6 37. Qc4 Kg7 38. Qxc5 dxc5 39. Bc4 Rb8 40. b3 f5 41. exf5 Bxf3 42. gxf3 gxf5 43. Rd1 e4 44. fxe4 fxe4 45. Rd5 Kf6 46.
Rxh5 Bd2 47. Kf1 Bxc3 48. Rxc5 Bd4 49. Rc6+ Kg5 50. Rd6 Bc3 51. Rd5+ Kf4 52. Rh5 Ra8 53. Kg2 1-0

[Event "*** SCC Grand Prix: Titled Tuesday Blitz"]
[Site "Chess.com"]
[Date "2020.06.09"]
[Round "9"]
[White "Grandmaster2B"]
[Black "politeplayer"]
[Result "1-0"]
[WhiteElo "2428"]
[BlackElo "2265"]
[TimeControl "180+1"]
[EndTime "10:47:29 PDT"]
[Termination "Grandmaster2B won by resignation"]

1. e4 e6 2. d4 d5 3. Nd2 dxe4 4. Nxe4 Nd7 5. Nf3 Ngf6 6. Nxf6+ Nxf6 7. Bd3 c5 8. O-O cxd4 9. Nxd4 Bc5 10. Nb3 Bb6 11. Bg5 O-O 12. Qe2 Bd7 13. Rad1 Qc7 14. Qf3 Nd5 15.
Qh3 f5 16. Qg3 Qxg3 17. hxg3 Bc6 18. c4 Nb4 19. Bb1 Rae8 20. Nd4 Be4 21. a3 Bxb1 22. axb4 Ba2 23. c5 Bc7 24. Ra1 Bd5 25. Rxa7 Be5 26.
Be3 Rd8 27. Nb5 Bc4 28. Nd6 Bxd6 29. cxd6 Bxf1 30. Kxf1 Rxd6 31. Bc5 Rd1+ 32. Ke2 Rfd8 33. Rxb7 R1d2+ 34. Kf3 Rxb2 35. Kf4 Rbd2 36. Ke5 Re8 37. Be3 Rd5+ 38. Kf4 h6 39. b5 Kh7 40. b6 Kg6 41.
Rc7 e5+ 42. Kf3 e4+ 43. Ke2 Rb5 44. Rc6+ Kh5 45. Bd4 Rb4 46. Bxg7 Rb8 47. Rxh6+ Kg5 48. Rh4 R8xb6 49. Bh6+ Kg6 50. Be3 Rb2+ 51. Kd1 Rb1+ 52.
Kc2 R1b2+ 53. Kc3 R2b3+ 54. Kc4 R3b4+ 55. Kc5 R4b5+ 56. Kd4 Rb4+ 57. Ke5 R4b5+ 58. Kf4 Rc6 59. g4 fxg4 60. Kxe4 Kf6 61. Rh6+ 1-0

[Event "*** SCC Grand Prix: Titled Tuesday Blitz"]
[Site "Chess.com"]
[Date "2020.06.09"]
[Round "9"]
[White "stanyga"]
[Black "Enriquack"]
[Result "1/2-1/2"]
[WhiteElo "2634"]
[BlackElo "2417"]
[TimeControl "180+1"]
[EndTime "10:47:30 PDT"]
[Termination "Game drawn - insufficient material"]

1. d4 Nf6 2. c4 g6 3. g3 c5 4. Bg2 Bg7 5. d5 O-O 6. Nc3 d6 7. e4 a6 8. Nge2 b5 9. cxb5 axb5 10.
Nxb5 Ba6 11. Nbc3 Ng4 12. O-O Nd7 13. Qc2 Nge5 14. Rd1 c4 15. Be3 Qc7 16. b4 cxb3 17. Qxb3 Rfb8 18. Qc2 Bxe2 19. Qxe2 Qxc3 20. Bd4 Qa3 21.
f4 Nf3+ 22. Bxf3 Bxd4+ 23. Rxd4 Qc5 24. Rd1 Rb4 25. Qf2 Rxa2 26. Qxa2 Rxd4 27. Qa8+ Nf8 28. Rxd4 Qxd4+ 29. Kg2 Qd2+ 30. Kg1 h5 31. Qe8 h4 32. Qxe7 Qe3+ 33. Kg2 h3+ 34. Kxh3 Qxf3 35. Qxd6 Qxe4 36.
Qe5 Qxe5 37. fxe5 Nd7 38. e6 fxe6 39. dxe6 Nc5 40. e7 Kf7 41. Kg4 Kxe7 42. Kg5 Kf7 43. h4 Ne6+ 44. Kh6 Kf6 45. g4 Nf4 46. Kh7 Ng2 47.
g5+ Kf5 48. h5 Nf4 49. hxg6 Nxg6 50. Kh6 Ne5 51. Kh5 Nf7 52. g6 Kf6 53. gxf7 Kxf7 1/2-1/2

[Event "*** SCC Grand Prix: Titled Tuesday Blitz"]
[Site "Chess.com"]
[Date "2020.06.09"]
[Round "9"]
[White "praveenb2002"]
[Black "Reader777"]
[Result "1/2-1/2"]
[WhiteElo "2765"]
[BlackElo "2620"]
[TimeControl "180+1"]
[EndTime "10:47:31 PDT"]
[Termination "Game drawn by repetition"]

1. e4 c5 2. Nf3 d6 3. d4 cxd4 4. Nxd4 Nf6 5. Nc3 e6 6. g4 h6 7. h4 e5 8. Bb5+ Nbd7 9. Nf5 a6 10. Ba4 b5 11. Bb3 Nc5 12. f3 Nxb3 13. axb3 Bb7 14.
g5 hxg5 15. Bxg5 g6 16. Ne3 Be7 17. Qd3 b4 18. Bxf6 Bxf6 19. Ncd5 Rxh4 20. O-O-O Rxh1 21. Rxh1 Kf8 22. Nc4 Kg7 23. Kb1 a5 24. Ncb6 Ra6 25.
Qe3 Bg5 26. Qf2 Bxd5 27. Nxd5 Bh6 28. Qh2 Qg5 29. Nc7 Rc6 30. Ne8+ Kf8 31. Nf6 Qxf6 32.
Qxh6+ Ke7 33. Qe3 Rc5 34. Rd1 Qe6 35. Qd3 Rc8 36. Qa6 Rc5 37. Qa7+ Qd7 38. Qa6 Qc6 39. Qd3 Ke6 40. Rd2 d5 41. exd5+ Rxd5 42. Qe4 Qd6 43. Qc4 Qc5 44. Qa6+ Rd6 45. Rxd6+ Qxd6 46. Qxa5 Qd1+ 47. Ka2 Qxc2 48. Qxb4 f5 49. Qb6+ Kf7 50. Qb7+ Kf6 51. Qb6+ Kg5 52. Qe6 Qc5 53. Kb1 Qg1+ 54. Ka2 Qa7+ 55.
Kb1 Qg1+ 56. Ka2 Qa7+ 57. Kb1 Qg1+ 1/2-1/2

[Event "*** SCC Grand Prix: Titled Tuesday Blitz"]
[Site "Chess.com"]
[Date "2020.06.09"]
[Round "9"]
[White "KobyKalavannan"]
[Black "OparinGrigoriy"]
[Result "0-1"]
[WhiteElo "2542"]
[BlackElo "2878"]
[TimeControl "180+1"]
[EndTime "10:47:31 PDT"]
[Termination "OparinGrigoriy won on time"]

1. d4 Nf6 2. c4 e6 3. Nf3 c5 4.
Nc3 cxd4 5. Nxd4 Bb4 6. Qd3 O-O 7. a3 Bxc3+ 8. Qxc3 d5 9. cxd5 Nxd5 10. Qd3 e5 11. Nf3 Nc6 12. e4 Nb6 13. Bg5 f6 14. Qb3+ Kh8 15. Rd1 Qe7 16. Be3 Be6 17. Qc2 Rfc8 18. Bc5 Qf7 19. Qb1 Ba2 20. Qa1 Bb3 21. Rc1 Na4 22.
Be3 Na5 23. Bb5 Nc4 24. Bxa4 Bxa4 25. Qa2 Kg8 26. O-O Nxe3 27. Qxf7+ Kxf7 28. fxe3 Bc2 29. Nd2 Rc6 30. Nf3 Ke7 31. Nd2 Rd8 32. Rf2 Bxe4 33. Rxc6 Bxc6 34. Kf1 h5 35. g3 g5 36. h4 g4 37. Ke1 Ke6 38. Nf1 Bf3 39. Rd2 Rc8 40.
Kf2 f5 41. Nh2 Be4 42. Nf1 a5 43. Re2 Rc1 44. Nd2 Bd3 45. Re1 Rc2 46. Rd1 Rxb2 47.
Ke1 b5 48. Rc1 Ra2 49. Rc6+ Kd5 50. Rc8 Rxa3 51. Rd8+ Ke6 52. Re8+ Kd6 53. Rd8+ Ke7 54. Rd5 Ke6 55. Rd8 a4 56. Re8+ Kd6 57. Rd8+ Ke7 58. Rd5 Ke6 59. Rd8 e4 60. Re8+ Kf7 61. Rd8 Ra1+ 62.
Kf2 Ra2 63. Ke1 Rb2 64. Rd5 a3 65. Rxf5+ Ke6 66. Rf8 a2 67. Ra8 Rb1+ 68. Kf2 a1=Q 0-1

[Event "*** SCC Grand Prix: Titled Tuesday Blitz"]
[Site "Chess.com"]
[Date "2020.06.09"]
[Round "9"]
[White "GaboSalazar2001"]
[Black "kingofthenil"]
[Result "1-0"]
[WhiteElo "2291"]
[BlackElo "2433"]
[TimeControl "180+1"]
[EndTime "10:47:32 PDT"]
[Termination "GaboSalazar2001 won on time"]

1. e4 Nc6 2. Nf3 d5 3. exd5 Qxd5 4. Nc3 Qh5 5. Bb5 Bg4 6. d3 O-O-O 7. Bxc6 bxc6 8.
Qe2 Nf6 9. Be3 e6 10. O-O-O Kb7 11. h3 Bxf3 12. Qxf3 Qxf3 13. gxf3 Bb4 14. Ne4 Nd5 15. Bc5 f5 16. Bxb4 fxe4 17. Bd2 exf3 18. Rde1 Rde8 19. Rhg1 g6 20. Rg3 Rhf8 21. c4 Nf4 22. Bxf4 Rxf4 23.
Re3 e5 24. Rgxf3 Ref8 25. Rxf4 Rxf4 26. f3 Rh4 27. Rxe5 Rxh3 28. Re7 Rxf3 29. Rxh7 Rxd3 30.
Rg7 Rg3 31. Kc2 Kb6 32. b4 a5 33. bxa5+ Kxa5 34. Rxc7 Kb6 35. Rg7 Kc5 36. a4 Kb4 37. Rc7 c5 38. a5 Rg2+ 39. Kd3 Rg3+ 40. Kc2 Rc3+ 41. Kb2 Rxc4 42. a6 Rf4 43. a7 Rf8 44. Rb7+ Kc4 45. Rb8 Rf2+ 46. Ka3 Rf3+ 47. Kb2 Rf2+ 48.
Kc1 Kc3 49. Kd1 Rf1+ 50. Ke2 Ra1 51. a8=Q Rxa8 52. Rxa8 c4 53. Rg8 Kc2 54. Rxg6 c3 55.
Rc6 Kb2 56. Kd3 c2 57. Rxc2+ Kb1 58. Kd2 Ka1 59. Kc3 Kb1 60. Kb3 1-0

[Event "*** SCC Grand Prix: Titled Tuesday Blitz"]
[Site "Chess.com"]
[Date "2020.06.09"]
[Round "9"]
[White "wonderfultime"]
[Black "vladislavkovalev"]
[Result "1/2-1/2"]
[WhiteElo "3004"]
[BlackElo "2952"]
[TimeControl "180+1"]
[EndTime "10:47:33 PDT"]
[Termination "Game drawn by repetition"]

1. d4 Nf6 2. Nf3 e6 3. Bf4 d5 4.
e3 c5 5. c3 Nc6 6. Nbd2 cxd4 7.
exd4 Nh5 8. Be5 f6 9. Bg3 g6 10.
Be2 Kf7 11. O-O Ng7 12. c4 Nf5 13. Nb3 b6 14. Rc1 Bd7 15. cxd5 exd5 16. Ba6 Bh6 17. Rc3 Nxg3 18. fxg3 Nb4 19. Bb7 Rb8 20. Bc6 Nxc6 21.
Rxc6 Bxc6 22. Ne5+ Kg7 23. Nxc6 Qd7 24. Nxb8 Rxb8 25. Qf3 Qe6 26. Kh1 Re8 27. h4 f5 28.
Kh2 Qe4 29. Qc3 Re7 30. Nc1 Be3 31. Ne2 Bh6 32. Nf4 Bxf4 33. Rxf4 Qe6 34. a4 Qe1 35. Qc6 Re3 36. Qc7+ Kh6 37. Rf3 Rxf3 38. gxf3 Qf2+ 39. Kh3 Qf1+ 40. Kh2 Qf2+ 41. Kh3 Qxf3 42. Kh2 Qf2+ 43. Kh3 Qf1+ 44. Kh2 Qe2+ 45. Kh3 Qe4 46. Kh2 Qxd4 47.
b3 Qe4 48. Qxa7 d4 49. Qxb6 d3 50. Qd6 Qe2+ 51. Kh3 Qf1+ 52. Kh2 Qe2+ 53. Kh3 d2 54. Qf4+ Kg7 55. Qc7+ Kf6 56. Qd6+ Kf7 57. Qd7+ Kf6 58. Qd6+ Kg7 59. Qc7+ Kg8 60. Qd8+ Kg7 61. Qc7+ 1/2-1/2